 Dungeon Sprint DCSS version 0.22-a0-422-g9628fc87f1 (webtiles) character file.

688 Hephaistos the Spear-Bearer (level 7, -5/69 HPs)
             Began as a Centaur Berserker on May 18, 2018.
             Was an Elder of Trog.
             Slain by a nine-headed hydra (7 damage)
             ... in the Dungeon (Sprint IX: "|||||||||||||||||||||||||||||").
             The game lasted 00:00:53 (325 turns).

Hephaistos the Spear-Bearer (Centaur Berserker)      Turns: 325, Time: 00:00:54

Health: -5/69      AC: 12    Str: 23    XL:     7   Next: 36%
Magic:  7/7        EV:  7    Int:  6    God:    Trog [****..]
Gold:   0          SH:  0    Dex: 10    Spells: 6/6 levels left

rFire    . . .     SeeInvis .   n - +2 halberd (venom)
rCold    . . .     Gourm    .   (shield currently unavailable)
rNeg     . . .     Faith    .   p - +1 chain mail
rPois    .         Spirit   .   o - +0 helmet
rElec    .         Reflect  .   (no cloak)
rCorr    .         Harm     .   (no gloves)
MR       .....     NoTele   +   (no barding)
Stlth    ..........             (no amulet)
HPRegen  0.21/turn              r - +2 ring of protection
MPRegen  0.10/turn              q - +3 ring of strength

@: lethally poisoned (-5 -> -6), berserk cooldown, slowed
A: large, hooves 3, deformed body, speed 2, tough skin 3
a: Berserk, Trog's Hand, Brothers in Arms, Renounce Religion


You were in the Dungeon.
You worshipped Trog.
Trog was greatly pleased with you.
You were near starving.

You visited 1 branch

Inventory:

Hand Weapons
 a - a +0 spear
 n - a +2 halberd of venom (weapon)
Armour
 o - a +0 helmet (worn)
 p - a +1 chain mail (worn)
Jewellery
 q - a +3 ring of strength (right hand)
 r - a +2 ring of protection (left hand)
Wands
 m - a wand of iceblast (10)
Scrolls
 i - 2 scrolls of blinking
 l - 3 scrolls of remove curse
Potions
 d - 5 potions of curing
 e - 3 potions of heal wounds
 f - a potion of haste
 g - 4 potions of magic
 h - a potion of berserk rage
 k - a potion of invisibility
Comestibles
 c - a ration
 j - 4 chunks of flesh


   Skills:
 + Level 8.3 Fighting
 * Level 11.8 Polearms
 + Level 3.7 Armour
 + Level 3.3 Dodging


You had 6 spell levels left.
You didn't know any spells.
Your spell library was empty.

Dungeon Overview and Level Annotations

Branches:
Dungeon (1/1)

Altars:
Cheibriados
Dithmenos
Elyvilon
Fedhas
Gozag
Hepliaklqana
Kikubaaqudgha
Makhleb
Nemelex Xobeh
Okawaru
Qazlal
Ru
Sif Muna
Trog
Uskayaw
Vehumet
Wu Jian
Xom
Yredelemnul
Zin
The Shining One
Beogh
Jiyva
Lugonu


Innate Abilities, Weirdness & Mutations

You have hooves in place of feet.
Armour fits poorly on your strangely shaped body.
You cover ground very quickly.
You have extremely tough skin. (AC +3)


Message History

a shortbow x2; 34 arrows; a hand axe; an orc skeleton Unknown command.
Your ogre goes berserk!
You are near starving!
Trog will no longer gift you weapons.
The seven-headed hydra bites your ogre! x2
The seven-headed hydra barely misses your ogre.
The seven-headed hydra bites your ogre! x2
Your ogre dies!
Your ogre's corpse disappears in a puff of smoke!
The nine-headed hydra bites you but does no damage. x2
The nine-headed hydra bites you!
* * * LOW HITPOINT WARNING * * *
The nine-headed hydra barely misses you.
The nine-headed hydra closely misses you.
The nine-headed hydra bites you but does no damage. x2
The nine-headed hydra bites you!
* * * LOW HITPOINT WARNING * * *
The nine-headed hydra bites you!
You die... ▓▓▓▓▓▓▓▓▓▓▓▓▓▓▓▓▓▓▓▓▓▓▓▓▓▓▓▓▓▓ ______'.?|).[..(@D§DZZ††...... ▓▓▓▓▓▓▓▓▓▓▓▓▓▓▓▓▓▓▓▓▓▓▓▓▓▓▓▓▓▓

You could see a nine-headed hydra, a seven-headed hydra, an adder zombie and a bat skeleton.

Vanquished Creatures
  A tengu conjurer (D)
  An orc warrior (D)
  2 centaurs (D)
  A bullfrog (D)
  A scorpion (D)
  A hound (D)
  A jelly (D)
  A gnoll (D)
  2 adders (D)
  A shadow imp (D)
  2 dart slugs (D)
  An orc (D)
  A giant cockroach (D)
  A kobold (D)
  A rat (D)
18 creatures vanquished.

Notes
Turn   | Place    | Note
-------+----------+-------------------------------------------
     0 | D        | Hephaistos the Centaur Berserker began the quest for the Orb.
     0 | D        | Reached XP level 1. HP: 19/19 MP: 1/1
    10 | D        | Reached skill level 3 in Polearms
    13 | D        | Reached ** piety under Trog
    21 | D        | Reached XP level 2. HP: 22/26 MP: 2/2
    79 | D        | Reached skill level 5 in Polearms
    79 | D        | Reached XP level 3. HP: 34/34 MP: 3/3
    83 | D        | Reached *** piety under Trog
    93 | D        | Reached skill level 5 in Fighting
    94 | D        | Reached skill level 6 in Polearms
    94 | D        | Reached XP level 4. HP: 42/42 MP: 4/4
   147 | D        | Found a roughly hewn altar of Beogh.
   147 | D        | Found a snail-covered altar of Cheibriados.
   147 | D        | Found a shadowy altar of Dithmenos.
   147 | D        | Found a white marble altar of Elyvilon.
   147 | D        | Found a blossoming altar of Fedhas.
   147 | D        | Found an opulent altar of Gozag.
   148 | D        | Found a hazy altar of Hepliaklqana.
   149 | D        | Found a viscous altar of Jiyva.
   150 | D        | Found an ancient bone altar of Kikubaaqudgha.
   151 | D        | Found a corrupted altar of Lugonu.
   152 | D        | Found a burning altar of Makhleb.
   153 | D        | Found a sparkling altar of Nemelex Xobeh.
   154 | D        | Found an iron altar of Okawaru.
   155 | D        | Found a stormy altar of Qazlal.
   156 | D        | Found a sacrificial altar of Ru.
   157 | D        | Found a deep blue altar of Sif Muna.
   158 | D        | Found a bloodstained altar of Trog.
   159 | D        | Found a hide-covered altar of Uskayaw.
   160 | D        | Found a radiant altar of Vehumet.
   161 | D        | Found an ornate altar of the Wu Jian Council.
   162 | D        | Found a shimmering altar of Xom.
   163 | D        | Found a basalt altar of Yredelemnul.
   164 | D        | Found a glowing silver altar of Zin.
   165 | D        | Found a glowing golden altar of the Shining One.
   211 | D        | Noticed a centaur
   211 | D        | Noticed a centaur
   211 | D        | Noticed a bullfrog
   211 | D        | Noticed an orc warrior
   213 | D        | Reached **** piety under Trog
   217 | D        | Killed a centaur
   217 | D        | Reached skill level 8 in Polearms
   217 | D        | Reached XP level 5. HP: 51/51 MP: 5/5
   219 | D        | Killed a centaur
   219 | D        | Reached skill level 9 in Polearms
   223 | D        | Reached XP level 6. HP: 60/60 MP: 6/6
   225 | D        | Killed an orc warrior
   225 | D        | Reached ***** piety under Trog
   225 | D        | Reached skill level 10 in Polearms
   301 | D        | Noticed a tengu conjurer
   301 | D        | Noticed a seven-headed hydra
   301 | D        | Noticed a seven-headed hydra
   315 | D        | Killed a tengu conjurer
   315 | D        | Reached skill level 11 in Polearms
   315 | D        | Reached XP level 7. HP: 69/69 MP: 7/7
   325 | D        | HP: 2/69 [nine-headed hydra (7)]
   325 | D        | Slain by a nine-headed hydra

Vault maps used:
D:        linesprint

Skill      XL: |  1  2  3  4  5  6 |
---------------+-------------------+-----
Polearms       | 3 5 6 8 9 11 | 11.8
Fighting       | 4 5 6 7 8 |  8.3
Dodging        | 2 3 |  3.3
Armour         | 2 3 |  3.7

Action                   |  1- 3 |  4- 6 |  7- 9 || total
-------------------------+-------+-------+-------++-------
Melee: Spear             |    34 |       |       ||    34
       Kick              |     7 |     2 |     1 ||    10
       Halberd           |       |    25 |     3 ||    28
Invok: Berserk           |     1 |     2 |       ||     3
       Brothers in Arms  |       |       |     2 ||     2
 Stab: Distracted        |       |     1 |       ||     1
Armor: Animal skin       |     5 |       |       ||     5
       Chain mail        |       |     8 |    10 ||    18
Dodge: Dodged            |     6 |     4 |     6 ||    16

Table legend:
 A = Spawn XP
 B = Non-spawn XP
 C = Spawn XP percentage of total XP
 D = Spawn monster count
 E = Non-spawn monster count
 F = Spawn count percentage of total count
 G = Total turns spent on level
                    A         B        C        D         E        F      G
               +---------+---------+-------+---------+---------+-------+---------
         Total |       0 |     984 |   0.0 |       0 |      18 |   0.0 |   325
               +---------+---------+-------+---------+---------+-------+---------
             D |       0 |     984 |   0.0 |       0 |      18 |   0.0 |   325
               +---------+---------+-------+---------+---------+-------+---------
